 Dungeon Crawl Stone Soup version 0.22-a0-358-g7563fe7 (webtiles) character file.

11609 Amnesiac the Destroyer (level 11, -1/61 HPs)
             Began as a Deep Elf Conjurer on Apr 18, 2018.
             Was an Initiate of Gozag.
             Splashed by an oklob plant's acid (13 damage)
             ... on level 1 of the Lair of Beasts.
             The game lasted 00:18:25 (11253 turns).

Amnesiac the Destroyer (Deep Elf Conjurer)         Turns: 11253, Time: 00:18:25

Health: -1/61      AC: -3    Str:  5    XL:     11   Next: 51%
Magic:  0/29       EV: 14    Int: 29    God:    Gozag
Gold:   2297       SH:  7    Dex: 15    Spells: 20/34 levels left

rFire    . . .     SeeInvis .   (no weapon)
rCold    + . .     Gourm    .   i - +2 buckler
rNeg     . . .     Faith    .   G - +0 robe {rC+}
rPois    .         Spirit   +   f - +2 hat
rElec    .         Reflect  .   J - scarf {Spirit}
rCorr    .         Harm     +   (no gloves)
MR       ++...                  q - +0 pair of boots
Stlth    ++........             o - amulet of harm
HPRegen  0.20/turn              B - +5 ring of intelligence
MPRegen  0.21/turn              y - ring of protection from magic

@: corroded, gold aura
A: no striking features
a: Potion Petition, Call Merchant, Bribe Branch, Renounce Religion


You were on level 1 of the Lair of Beasts.
You worshipped Gozag.
Gozag was most pleased with you.
You were full.

You visited 2 branches of the dungeon, and saw 10 of its levels.
You also visited: Ossuary.

You collected 2337 gold pieces.
You paid 40 gold pieces to Gozag.

Inventory:

Hand Weapons
 v - a +0 quarterstaff
Missiles
 r - 4 curare-tipped needles
Armour
 f - a +2 hat (worn)
 i - a +2 buckler (worn)
 q - a +0 pair of boots (worn)
 F - a +0 shield
 G - a +0 robe of cold resistance (worn)
 J - a scarf of spirit shield (worn)
Jewellery
 g - an uncursed ring of flight
 o - an amulet of harm (around neck)
 y - a ring of protection from magic (right hand)
 B - a +5 ring of intelligence (left hand)
 K - an uncursed ring of ice
Wands
 j - a wand of scattershot (3)
 E - a wand of clouds (2)
 I - a wand of disintegration (13)
Scrolls
 a - 3 scrolls of identify {!r}
 b - 6 scrolls of teleportation {!r}
 h - 6 scrolls of remove curse {!r}
 l - a scroll of enchant armour {!r, unknown}
 p - 2 scrolls of enchant weapon {!r}
 w - 3 scrolls of fog {!r}
 A - a scroll of summoning {!r, unknown}
 C - 2 scrolls of blinking {!r}
 H - 3 scrolls of magic mapping {!r}
Potions
 d - 2 potions of lignification {!q}
 e - a potion of haste {!q}
 k - a potion of brilliance {!q, unknown}
 m - 2 potions of heal wounds {!q}
 n - 2 potions of berserk rage {!q}
 s - 2 potions of magic {!q}
 t - 2 potions of curing {!q}
 u - a potion of invisibility {!q}
 x - a potion of ambrosia {!q}
 z - a potion of agility {!q, unknown}
 D - 2 potions of might {!q}
Comestibles
 c - 13 rations


   Skills:
 - Level 4.0 Fighting
 - Level 4.0 Dodging
 - Level 2.4 Stealth
 - Level 4.0 Shields
 + Level 12.1 Spellcasting
 * Level 12.8 Conjurations
 - Level 9.0 Evocations


You had 20 spell levels left.
You knew the following spells:

 Your Spells              Type           Power        Failure   Level  Hunger
a - Iskenderun's Mystic   Conj           #######.     1%          4    None
b - Magic Dart            Conj           ####         0%          1    None
d - Orb of Destruction    Conj           #######...   13%         7    ######.
e - Searing Ray           Conj           ######       1%          2    None


Dungeon Overview and Level Annotations

Branches:
Dungeon (9/15)             Temple (0/1) D:6            Lair (1/6) D:9
    Orc: D:9-12

Altars:
Cheibriados
Gozag
Nemelex Xobeh
Qazlal
Vehumet
Yredelemnul
The Shining One

Shops:
D:8 =

Annotations:
Lair:1 exclusion: oklob plant


Message History

You enter the shallow water.
Moving in this stuff is going to be slow.
You now have 2196 gold pieces (gained 3).
You now have 2203 gold pieces (gained 7).
You now have 2219 gold pieces (gained 16).
You now have 2233 gold pieces (gained 14).
HP restored.
You now have 2247 gold pieces (gained 14).
Key pressed, stopping explore.
You now have 2266 gold pieces (gained 19).
You now have 2277 gold pieces (gained 11).
Key pressed, stopping explore.
Found a ring mail.
You now have 2297 gold pieces (gained 20).
Key pressed, stopping explore.
Found a hunting sling.
You see here a hunting sling.
Found a club.
You see here a club.
You enter the shallow water.
Moving in this stuff is going to be slow.
Partly explored, can't reach some places.
Partly explored, can't reach some places.
Partly explored, can't reach some places.
Partly explored, can't reach some places.
Partly explored, can't reach some places.
Really walk into a travel-excluded area?
Casting: Iskenderun's Mystic Blast (safe; 1% risk of failure)
Confirm with . or Enter, or press ? or * to list all spells.
Aiming: Orb of Destruction (quite dangerous; 14% risk of failure)
Press: ? - help, Shift-Dir - straight line, f - oklob plant
Aim: an oklob plant (hasn't noticed you) Really walk into a travel-excluded area?
Marking area around the oklob plant as unsafe for travelling.
An oklob plant comes into view.
The oklob plant spits acid at you. The splash of acid hits you!
You are splashed with acid!
The acid burns!
Found 14 stones.
Casting: Orb of Destruction (quite dangerous; 14% risk of failure)
Confirm with . or Enter, or press ? or * to list all spells.
Aiming: Iskenderun's Mystic Blast (safe; 1% risk of failure)
Press: ? - help, Shift-Dir - straight line, f/p - oklob plant
Aim: an oklob plant (almost destroyed)
The orb of energy hits the oklob plant.
You destroy the oklob plant!
The orb of energy explodes!
Unknown command.
Casting: Iskenderun's Mystic Blast (safe; 1% risk of failure)
Confirm with . or Enter, or press ? or * to list all spells.
Aiming: Orb of Destruction (quite dangerous; 13% risk of failure)
Press: ? - help, Shift-Dir - straight line, f - oklob plant
Aim: an oklob plant The oklob plant spits acid at you.
The splash of acid hits you! The acid corrodes you!
You are splashed with acid!
The acid burns!
* * * LOW HITPOINT WARNING * * *
The orb of destruction hits the oklob plant.
The oklob plant is almost destroyed.
The oklob plant spits acid at you. The splash of acid hits you!
* * * LOW HITPOINT WARNING * * *
The acid corrodes you!
You are splashed with acid!
The acid burns!
You die...
Your body crumbles into a pile of gold.

#...............
##...............
#...#############
##
##..###P########.
####.
#...............
P§§P..
#...............
.$.§.§#
#..######.###...
(.....§##..#
####....
$...P...@...#
##...
####.P###..#
########... ##
#P..###P.##......
##...............
#...............
##...............
#................
##...............
#...............


You could see an oklob plant.

Vanquished Creatures
  A hydra (Lair:1)
  3 two-headed ogres
  2 oklob plants (Lair:1)
  5 spiny frogs (Lair:1)
  3 hippogriffs
  2 wyverns (D:8)
  A spriggan (D:7)
  6 yaks (Lair:1)
  A vampire (D:9)
  A basilisk (Lair:1)
  Menkaure (D:6)
  2 wargs (D:9)
  Edmund (D:6)
  2 water moccasins (Lair:1)
  Duvessa (D:4)
  An orc warrior (D:7)
  An ice beast (D:8)
  A phantom (D:8)
  A sky beast (D:9)
  A hornet zombie (D:8)
  2 ogres (D:5)
  5 centaurs
  A crocodile (Lair:1)
  A big kobold (D:7)
  9 bullfrogs
  Dowan (D:4)
  12 scorpions
  An electric eel (Lair:1)
  3 wights (D:7)
  2 howler monkeys (D:5)
  2 centaur zombies
  A jelly (D:9)
  3 crimson imps
  A bullfrog zombie (D:5)
  3 hounds
  2 human zombies (Ossuary)
  3 orc priests
  A bullfrog skeleton (D:8)
  A centaur skeleton (D:8)
  2 iguanas
  6 orc wizards
  6 worker ants
  Terence (D:2)
  5 big kobold zombies (Ossuary)
  A hound zombie (D:7)
  3 mummies (Ossuary)
  A worker ant zombie (D:5)
  7 gnolls
  13 adders
  2 scorpion zombies (Ossuary)
  5 shadow imps
  An adder skeleton (D:4)
  2 worms (D:2)
  6 leopard geckos
  16 orcs
  11 bats
  6 giant cockroaches
  8 goblins
  10 hobgoblins
  9 jackals
  15 kobolds
  A quokka (D:6)
  A ball python (D:5)
  5 frilled lizards
  A gnoll zombie (Ossuary)
  A goblin zombie (Ossuary)
  A kobold zombie (Ossuary)
  2 orc zombies (Ossuary)
  13 rats
  A butterfly (D:6)
  A fungus (Lair:1)
  A plant (Lair:1)
255 creatures vanquished.

Vanquished Creatures (others)
  2 orcs (D:5)
  5 plants
7 creatures vanquished.

Grand Total: 262 creatures vanquished

Notes
Turn   | Place    | Note
-------+----------+-------------------------------------------
     0 | D:1      | Amnesiac the Deep Elf Conjurer began the quest for the Orb.
     0 | D:1      | Reached XP level 1. HP: 10/10 MP: 6/6
   246 | D:2      | Noticed Terence
   260 | D:3      | Reached skill level 1 in Fighting
   261 | D:3      | Reached XP level 2. HP: 16/16 MP: 2/8
   265 | D:3      | Learned a level 2 spell: Searing Ray
   380 | D:3      | Found an opulent altar of Gozag.
   405 | D:3      | Became a worshipper of Gozag Ym Sagoz the Greedy
   445 | D:3      | Reached XP level 3. HP: 13/21 MP: 1/9
   706 | D:1      | Reached skill level 5 in Conjurations
   859 | D:1      | Reached XP level 4. HP: 27/27 MP: 4/10
   902 | D:1      | Learned a level 4 spell: Iskenderun's Mystic Blast
  1483 | D:2      | Reached XP level 5. HP: 31/31 MP: 7/13
  1527 | D:2      | Killed Terence
  1689 | D:2      | Found a sparkling altar of Nemelex Xobeh.
  1690 | D:2      | Found a snail-covered altar of Cheibriados.
  1811 | D:2      | Reached skill level 5 in Spellcasting
  2461 | D:4      | Noticed Dowan
  2463 | D:4      | Noticed Duvessa
  2487 | D:4      | Reached XP level 6. HP: 19/36 MP: 5/16
  2850 | D:4      | Killed Dowan
  3079 | D:4      | Found a radiant altar of Vehumet.
  3085 | D:4      | Noticed a slave
  3462 | D:5      | Entered Level 5 of the Dungeon
  3508 | D:5      | Reached XP level 7. HP: 33/40 MP: 0/19
  3812 | D:5      | Found a basalt altar of Yredelemnul.
  3821 | D:5      | Noticed a profane servitor
  3831 | D:5      | Found a glowing golden altar of the Shining One.
  3833 | D:5      | Noticed an angel
  3939 | D:4      | HP: 2/40 [Duvessa/rapier (2)]
  3940 | D:4      | Killed Duvessa
  4108 | D:5      | Found a sand-covered staircase.
  4112 | Ossuary  | Entered an ossuary
  4396 | Ossuary  | Reached XP level 8. HP: 45/45 MP: 16/22
  5071 | D:5      | Reached skill level 10 in Conjurations
  5154 | D:6      | Found a staircase to the Ecumenical Temple.
  5160 | D:6      | Noticed Menkaure
  5163 | D:6      | Killed Menkaure
  5163 | D:6      | Reached skill level 10 in Spellcasting
  5237 | D:6      | Reached skill level 1 in Shields
  5421 | D:6      | Learned a level 7 spell: Orb of Destruction
  5449 | D:6      | Found a stormy altar of Qazlal.
  5696 | D:6      | Noticed Edmund
  5704 | D:6      | Killed Edmund
  5704 | D:6      | Reached XP level 9. HP: 37/49 MP: 16/25
  5797 | D:6      | Found a sparkling altar of Nemelex Xobeh.
  6401 | D:7      | Reached skill level 1 in Evocations
  7033 | D:7      | Identified the Papyrus of the Feathery Glacier
  7142 | D:7      | Found a stormy altar of Qazlal.
  7229 | D:7      | Reached skill level 5 in Evocations
  7334 | D:8      | Noticed a two-headed ogre
  7341 | D:8      | Killed a two-headed ogre
  7341 | D:8      | Reached XP level 10. HP: 54/54 MP: 2/26
  7524 | D:8      | Noticed a two-headed ogre
  7528 | D:8      | Killed a two-headed ogre
  8510 | D:8      | Found Puqesiot's Jewellery Boutique.
  8826 | D:9      | Noticed a seven-headed hydra
  9097 | D:9      | Noticed a two-headed ogre
  9105 | D:9      | Killed a two-headed ogre
  9225 | D:9      | Found a staircase to the Lair.
  9683 | Lair:1   | Entered Level 1 of the Lair of Beasts
  9714 | Lair:1   | Noticed a spiny frog
  9717 | Lair:1   | Killed a spiny frog
  9767 | Lair:1   | Noticed a spiny frog
  9769 | Lair:1   | Killed a spiny frog
  9792 | Lair:1   | Reached XP level 11. HP: 34/61 MP: 2/28
  9943 | Lair:1   | Noticed an oklob plant
  9943 | Lair:1   | Noticed an oklob plant
 10139 | Lair:1   | Killed an oklob plant
 10178 | Lair:1   | Noticed a six-headed hydra
 10189 | Lair:1   | Killed a six-headed hydra
 11248 | Lair:1   | Noticed an oklob plant
 11249 | Lair:1   | Killed an oklob plant
 11253 | Lair:1   | Splashed by an oklob plant's acid

Vault maps used:
D:1:      onia_arrival_pyramid
D:2:      nicolae_overflow_hidden_temple, uniq_terence
D:3:      nicolae_gozag_seed_capital
D:4:      trog_eyes_of_draining, kennysheep_mini, grunt_decor_arrowhead,
          kennysheep_orc_chapel, uniq_pikel, uniq_duvessa, uniq_sigmund
D:5:      grunt_temple_overflow_holy_war, first_ration,
          nicolae_ossuary_entry_plus
D:6:      minmay_temple_entry_butterflies, basic_altar, grunt_qazlal_clouds,
          uniq_menkaure, uniq_edmund
D:7:      lemuel_round_altar, the_bakery
D:8:      serial_shops, shop
D:9:      erik_lair_orcish_takeover, onia_ninara_dug_in_and_dangerous
Lair:1:   serial_bayou_shore_a, minmay_lair_oklob_chamber
Ossuary:  ossuary_minmay_scorpions

Skill      XL: |  1  2  3  4  5  6  7  8  9 10 11 |
---------------+----------------------------------+-----
Fighting       | 1 2 4 |  4.0
Conjurations   | 5 6 8 10 11 12 | 12.8
Spellcasting   | 4 5 7 8 10 11 12 | 12.1
Shields        | 2 4 |  4.0
Evocations     | 7 9 |  9.0
Dodging        | 4 |  4.0
Stealth        | |  2.4

Action                   |  1- 3 |  4- 6 |  7- 9 | 10-12 || total
-------------------------+-------+-------+-------+-------++-------
Melee: Mace              |    15 |     1 |       |       ||    16
       Unarmed           |     3 |       |       |       ||     3
       Quarterstaff      |       |     1 |     9 |       ||    10
 Cast: Magic Dart        |    53 |   115 |    57 |    11 ||   236
       Searing Ray       |     6 |    13 |    40 |     2 ||    61
       Iskenderun's Myst |       |     4 |    51 |   102 ||   157
       Orb of Destructio |       |       |       |     3 ||     3
Invok: Potion Petition   |       |     1 |       |       ||     1
Evoke: Wand              |       |       |     2 |    11 ||    13
  Use: Scroll            |       |     7 |     6 |     3 ||    16
       Potion            |       |     1 |     3 |       ||     4
 Stab: Distracted        |     1 |       |       |       ||     1
       Sleeping          |       |       |     1 |       ||     1
  Eat: Ration            |       |     3 |     3 |     5 ||    11
Armor: Robe              |     7 |     6 |    18 |     5 ||    36
Dodge: Dodged            |    27 |    31 |    54 |    13 ||   125
Block: Buckler           |       |       |    13 |     7 ||    20

Table legend:
 A = Spawn XP
 B = Non-spawn XP
 C = Spawn XP percentage of total XP
 D = Spawn monster count
 E = Non-spawn monster count
 F = Spawn count percentage of total count
 G = Total turns spent on level
                    A         B        C        D         E        F      G
               +---------+---------+-------+---------+---------+-------+---------
         Total |       0 |   16585 |   0.0 |       0 |     252 |   0.0 | 11253
               +---------+---------+-------+---------+---------+-------+---------
           D:1 |       0 |      53 |   0.0 |       0 |      32 |   0.0 |   725
           D:2 |       0 |     169 |   0.0 |       0 |      22 |   0.0 |   953
           D:3 |       0 |     107 |   0.0 |       0 |      27 |   0.0 |   869
           D:4 |       0 |     468 |   0.0 |       0 |      13 |   0.0 |  1122
           D:5 |       0 |     735 |   0.0 |       0 |      25 |   0.0 |   942
           D:6 |       0 |     614 |   0.0 |       0 |       9 |   0.0 |   954
           D:7 |       0 |    1519 |   0.0 |       0 |      34 |   0.0 |  1399
           D:8 |       0 |    2785 |   0.0 |       0 |      17 |   0.0 |   830
           D:9 |       0 |    2300 |   0.0 |       0 |      20 |   0.0 |  1102
        Lair:1 |       0 |    6931 |   0.0 |       0 |      26 |   0.0 |  1570
       Ossuary |       0 |     904 |   0.0 |       0 |      27 |   0.0 |   787
               +---------+---------+-------+---------+---------+-------+---------
